 Dungeon Crawl Stone Soup version 0.31-a0-236-g9a0961fb85 (webtiles) character file.

Game seed: 995476918816447021

4928 qw the Skirmisher (level 10, -2/64 HPs)
             Began as a Gargoyle Hexslinger on July 10, 2023.
             Was a Priest of Okawaru.
             Killed by divine providence
             ... invoked by an orc priest
              (9 damage)
             ... on level 9 of the Dungeon.
             The game lasted 00:03:20 (6880 turns).

qw the Skirmisher (Gargoyle Hexslinger)             Turns: 6880, Time: 00:03:20

Health: -2/64      AC: 22    Str: 17    XL:     10   Next: 52%
Magic:  12/13      EV: 19    Int: 12    God:    Okawaru [***...]
Gold:   1111       SH:  5    Dex: 15    Spells: 10/11 levels left

rFire   + . .        s - +0 longbow
rCold   . . .        (shield currently unavailable)
rNeg    + . .        i - +0 ring mail
rPois   inf          f - +0 helmet
rElec   +            k - +0 cloak
rCorr   .            b - +1 pair of gloves
SInv    .            n - +2 pair of boots
Will    +....        r - amulet of reflection
Stlth   ++           h - ring of willpower
HPRegen 0.30/turn    a - +5 ring of evasion
MPRegen 0.13/turn

%: reflection
@: about to teleport, heroic
A: sickness immunity, AC +7, negative energy resistance 1, electricity
resistance, torment resistance 1, petrification resistance, fire resistance 1,
strong 1
a: Renounce Religion, Heroism


You were on level 9 of the Dungeon.
You worshipped Okawaru.
Okawaru was most pleased with you.
You visited 2 branches of the dungeon, and saw 10 of its levels.

You collected 1407 gold pieces.
You spent 296 gold pieces at shops.


Innate Abilities, Weirdness & Mutations

You are immune to sickness and miasma.
Your stone body is resilient. (AC +7)
You are immune to poison.
You resist negative energy. (rN+)
You are resistant to electric shocks. (rElec)
You are resistant to unholy torment.
You are immune to petrification.
Your flesh is heat resistant. (rF+)
Your muscles are strong. (Str +4, Int/Dex -1)


   Skills:
 - Level 8.1(13.1) Fighting
 + Level 11.8(16.8) Ranged Weapons
 - Level 4.2(9.2) Armour
 - Level 3.0(8.0) Dodging
 - Level 1.0 Spellcasting
 - Level 2.6 Hexes
 - Level 4.0 Invocations


You had 10 spell levels left.
You knew the following spells:

 Your Spells              Type           Power      Damage    Failure   Level
a - Slow                  Hex            28%        N/A       16%         1

Your spell library contained the following spells:

 Spells                   Type           Power      Damage    Failure   Level
 Inner Flame              Hex/Fire       3%         N/A       63%         3
 Portal Projectile        Hex/Tloc       6%         N/A       63%         3
 Cause Fear               Hex            3%         N/A       85%         4

Inventory:

Hand Weapons
 s - a +0 longbow (weapon)
Armour
 b - a +1 pair of gloves (worn)
 f - a +0 helmet (worn)
 i - a +0 ring mail (worn)
 k - a +0 cloak (worn)
 l - +0 acid dragon scales
 n - a +2 pair of boots (worn)
Jewellery
 a - a +5 ring of evasion (right hand)
 h - a ring of willpower (left hand)
 m - a ring of fire
 q - an amulet of faith
 r - an amulet of reflection (around neck)
Scrolls
 e - a scroll of identify
Potions
 c - a potion of resistance
 d - 3 potions of mutation
 g - 3 potions of curing
 o - a potion of enlightenment
 p - a potion of attraction {unknown}
 t - a potion of ambrosia {unknown}

Dungeon Overview and Level Annotations

Branches:
Dungeon (9/15)             Temple (1/1) D:5
   Lair: D:8-11         Orc: D:9-12

Altars:
Ashenzari
Cheibriados
Dithmenos
Elyvilon
Fedhas
Gozag
Hepliaklqana
Kikubaaqudgha
Makhleb
Nemelex Xobeh
Okawaru
Qazlal
Ru
Sif Muna
Trog
Uskayaw
Vehumet
Wu Jian
Xom
Yredelemnul
Zin
The Shining One
Lugonu

Shops:
D:3 [   D:4 :   D:8 ((:[   D:9 :

Portals:
Abyss: D:6

Annotations:
D:6 2 runed translucent doors
D:8 2 transporters, qw's ghost, novice MiHs


Message History

The orc closely misses you.
The orc priest calls down the wrath of Beogh upon you.
Beogh smites you! The howler monkey barely misses you.
You shoot an arrow. The arrow hits the howler monkey!!
You kill the howler monkey!
Okawaru accepts your kill. The orc misses you.
The orc priest invokes the aid of Beogh against you.
Beogh smites you!
The orc wizard gestures wildly while chanting.
The orc wizard flickers and vanishes!
Deactivating autopickup; reactivate with Ctrl-A.
You shoot an arrow.
The arrow hits the orc but does no damage.
The orc barely misses you.
You shoot an arrow.
The arrow hits the orc but does no damage.
You block the orc's attack.
You shoot an arrow. The arrow hits the orc priest!
The orc priest is almost dead.
The orc closely misses you.
You shoot an arrow. The arrow barely misses the orc priest.
The arrow hits the orc!
You kill the orc!
The orc priest hits you with a +0 mace.
6878 ||| READING scroll of teleportation.
As you read the scroll of teleportation, it crumbles to dust.
You feel strangely unstable.
The orc priest mumbles some strange prayers to Beogh against you.
Beogh smites you!
You hear some strange, mumbled words.
Something tries to affect you, but you resist.
You shoot an arrow.
The arrow closely misses the orc priest.
The orc priest invokes the aid of Beogh against you.
You easily resist.
You block something's attack.
You shoot an arrow. The arrow barely misses the orc priest.
The orc priest mumbles some strange prayers to Beogh against you.
Beogh smites you!
You die... oo

.# .#######'####
...........#
###..........# ###
............# #..
.#####.)......>.# +..
......{o........# #..
#.#.#.#@........+ #..
................# #..
#.#.#.#..######## ###
........).#
#.#.#.#.#'####### #
..........))....# #
#.#.#.#...).....# ###
................######..
###............##.....<


You could see an orc priest.

Vanquished Creatures
  Joseph (D:7)
  2 wyverns (D:9)
  2 steam dragons
  An acid dragon (D:9)
  A water moccasin (D:5)
  2 orc warriors
  A sky beast (D:7)
  4 ice beasts
  6 ogres
  A centaur (D:9)
  6 kobold brigands
  3 bullfrogs
  2 scorpions
  9 wights
  11 killer bees
  2 howler monkeys (D:9)
  2 jellies (D:8)
  4 hounds
  2 orc priests
  Jessica (D:2)
  A sleepcap (D:4)
  3 iguanas
  8 orc wizards
  7 adders
  10 gnolls
  2 white imps (D:5)
  3 dart slugs
  28 orcs
  9 ball pythons (D:1)
  9 bats
  3 endoplasms
  A giant cockroach (D:2)
  7 goblins
  7 hobgoblins
  6 jackals (D:2)
  34 kobolds
  A quokka (D:3)
  7 rats
209 creatures vanquished.

Vanquished Creatures (others)
  An orc wizard (D:9)
1 creature vanquished.

Grand Total: 210 creatures vanquished

Notes
Turn   | Place    | Note
-------+----------+-------------------------------------------
     0 | D:1      | qw the Gargoyle Hexslinger began the quest for the Orb.
     0 | D:1      | Reached XP level 1. HP: 12/12 MP: 2/2
     0 | D:1      | 0 ||| qw: Version: 0.3-a-51-g015441d
     0 | D:1      | 0 ||| qw: Game counter: 4462
     0 | D:1      | 0 ||| qw: Melee chars always use a shield: true
     0 | D:1      | 0 ||| qw: God list: Okawaru
     0 | D:1      | 0 ||| qw: Allow faded altars: false
     0 | D:1      | 0 ||| qw: Do Orc after clearing Dungeon:15 true
     0 | D:1      | 0 ||| qw: Do second Lair branch before Depths: true
     0 | D:1      | 0 ||| qw: Lair rune preference: random
     0 | D:1      | 0 ||| qw: Goals: Normal
     0 | D:1      | 0 ||| PLANNING D:1-11
    34 | D:1      | Reached XP level 2. HP: 16/16 MP: 3/3
   126 | D:1      | Reached skill level 3 in Ranged Weapons
   313 | D:1      | Reached XP level 3. HP: 21/21 MP: 4/4
   838 | D:1      | 838 ||| READING scroll labelled UDISTR JOXT.
   839 | D:1      | 839 ||| READING scroll labelled WYSTIMNAVO.
   840 | D:1      | 840 ||| READING scroll labelled HUCKEO DIAGO.
   841 | D:1      | 841 ||| DROPPING scroll of poison.
   882 | D:2      | Found a faded altar of an unknown god.
   889 | D:2      | You fall into a shaft and drop 1 floor!
   890 | D:3      | 890 ||| READING scroll labelled BAICVENL HIXTA.
  1007 | D:2      | 1007 ||| READING scroll of enchant weapon.
  1007 | D:2      | 1007 ||| ENCHANTING +2 sling of draining.
  1135 | D:2      | Reached XP level 4. HP: 26/26 MP: 5/5
  1201 | D:2      | Reached skill level 4 in Ranged Weapons
  1211 | D:2      | Noticed Jessica
  1217 | D:2      | Killed Jessica
  1253 | D:2      | Reached XP level 5. HP: 22/30 MP: 6/6
  1533 | D:2      | Reached skill level 5 in Ranged Weapons
  1598 | D:2      | 1598 ||| UPGRADING to +0 leather armour.
  1608 | D:2      | 1608 ||| DROPPING +0 robe.
  1609 | D:2      | 1609 ||| UPGRADING to ring of willpower.
  1610 | D:2      | 1610 ||| READING scroll labelled JAAROT ZOOGEHI.
  1611 | D:2      | 1611 ||| READING scroll labelled OTI FEOXI.
  1612 | D:2      | 1612 ||| READING scroll labelled RUG EDWOPINN.
  1613 | D:2      | 1613 ||| READING scroll labelled CUIN WIHUDA.
  1614 | D:2      | 1614 ||| READING scroll labelled ONIESK PICVE.
  1615 | D:2      | 1615 ||| READING 2 scrolls of identify.
  1615 | D:2      | 1615 ||| IDENTIFYING sapphire potion
  1698 | D:3      | 1698 ||| Stepping ~*~*~tactically~*~*~ (outnumbered).
  1729 | D:3      | HP: 8/32 [orc/+0 club (2)]
  1981 | D:3      | Found Tovel's Armour Boutique.
  1989 | D:3      | 1989 ||| BUYING +0 cloak (54 gold).
  1989 | D:3      | Bought a +0 cloak for 54 gold pieces
  1989 | D:3      | 1989 ||| BUYING +0 pair of boots (54 gold).
  1989 | D:3      | Bought a +0 pair of boots for 54 gold pieces
  1989 | D:3      | 1989 ||| SHOPLISTING +0 ring mail (48 gold, have 4).
  1989 | D:3      | 1989 ||| SHOPLISTING +0 troll leather armour (180 gold,
                  | have 4).
  1989 | D:3      | 1989 ||| SHOPLISTING +1 helmet (138 gold, have 4).
  2028 | D:3      | Reached skill level 3 in Fighting
  2235 | D:3      | 2235 ||| UPGRADING to +0 cloak.
  2240 | D:3      | 2240 ||| UPGRADING to +0 pair of boots.
  2245 | D:3      | 2245 ||| UPGRADING to +5 ring of evasion.
  2246 | D:3      | 2246 ||| READING scroll labelled MYRUAT ZUJOAKK.
  2246 | D:3      | Identified a scroll of acquirement
  2246 | D:3      | 2246 ||| ACQUIRING 979 gold pieces
  2246 | D:3      | Acquired 979 gold pieces
  2248 | D:3      | 2248 ||| READING scroll labelled RIUMOT ROYLE.
  2249 | D:3      | 2249 ||| DRINKING 2 black potions.
  2298 | D:4      | 2298 ||| READING scroll of enchant weapon.
  2298 | D:4      | 2298 ||| ENCHANTING +3 sling of draining.
  2299 | D:4      | 2299 ||| DROPPING +4 sling.
  2304 | D:4      | Noticed an orc warrior
  2317 | D:4      | Killed an orc warrior
  2318 | D:4      | Reached XP level 6. HP: 28/37 MP: 7/7
  2455 | D:4      | Found Hius's Vocational Training.
  2584 | D:4      | Reached skill level 6 in Ranged Weapons
  2584 | D:4      | Reached XP level 7. HP: 41/41 MP: 8/8
  2617 | D:4      | 2617 ||| FLEEEEING.
  2619 | D:4      | 2619 ||| FLEEEEING.
  2620 | D:4      | 2620 ||| FLEEEEING.
  2621 | D:4      | 2621 ||| FLEEEEING.
  2968 | D:4      | 2968 ||| UPGRADING to +0 helmet.
  2973 | D:4      | 2973 ||| READING scroll labelled PAV FUSTOCEEHIGG.
  3074 | D:4      | 3074 ||| READING scroll labelled LIEZISM URUHAPH.
  3075 | D:4      | 3075 ||| DRINKING 4 grey potions.
  3075 | D:4      | Gained mutation: Your flesh is heat resistant. (rF+)
                  | [potion of mutation]
  3075 | D:4      | Gained mutation: Your muscles are strong. (Str +4, Int/Dex
                  | -1) [potion of mutation]
  3109 | D:5      | Entered Level 5 of the Dungeon
  3188 | D:5      | Reached skill level 7 in Ranged Weapons
  3218 | D:5      | Reached XP level 8. HP: 48/48 MP: 9/9
  3356 | D:5      | Reached skill level 8 in Ranged Weapons
  3384 | D:5      | 3384 ||| READING scroll of enchant weapon.
  3384 | D:5      | 3384 ||| ENCHANTING +4 sling of draining.
  3547 | D:5      | Found a staircase to the Ecumenical Temple.
  3548 | D:5      | 3548 ||| PLANNING TEMPLE
  3548 | D:5      | 3548 ||| UPGRADING to +0 pair of gloves.
  3553 | D:5      | 3553 ||| DRINKING 2 bubbling black potions.
  3575 | D:5      | 3575 ||| DROPPING potion of lignification.
  3583 | Temple   | Entered the Ecumenical Temple
  3601 | Temple   | 3601 ||| PLANNING OKAWARU WORSHIP
  3897 | Temple   | Became a worshipper of Warmaster Okawaru
  3898 | Temple   | 3898 ||| PLANNING D:1-11
  4098 | D:5      | HP: 12/49 [orc wizard/+0 dagger (3)]
  4099 | D:5      | 4099 ||| DRINKING potion of heal wounds.
  4236 | D:5      | 4236 ||| UPGRADING to +0 ring mail.
  4246 | D:5      | 4246 ||| DROPPING +0 leather armour.
  4247 | D:5      | 4247 ||| DRINKING 2 fuming sapphire potions.
  4248 | D:5      | 4248 ||| DROPPING potion of invisibility.
  4323 | D:6      | Reached * piety under Okawaru
  4324 | D:6      | Reached skill level 3 in Armour
  4415 | D:6      | Found a large runed translucent door.
  4415 | D:6      | Found a large runed translucent door.
  4416 | D:6      | Found a corrupted altar of Lugonu.
  4455 | D:6      | Reached skill level 9 in Ranged Weapons
  4455 | D:6      | Reached skill level 1 in Invocations
  4457 | D:6      | Found a one-way gate to the infinite horrors of the Abyss.
  4457 | D:6      | Identified the +1 short sword "Juajyth" {distort, Str+7}
  4502 | D:6      | Reached XP level 9. HP: 54/54 MP: 10/10
  4518 | D:6      | 4518 ||| INVOKING Heroism.
  4522 | D:6      | Reached skill level 6 in Fighting
  4522 | D:6      | Reached skill level 3 in Invocations
  4548 | D:6      | Identified the +3 sling of Brawling {antimagic, Int+3 Dex-4
                  | Stlth+}
  4550 | D:6      | 4550 ||| DROPPING +3 sling of Brawling {antimagic, Int+3
                  | Dex-4 Stlth+}.
  4825 | D:6      | Found a hazy altar of Hepliaklqana.
  4851 | D:6      | 4851 ||| READING scroll labelled JANAOKK BURUTZ.
  4888 | D:6      | 4888 ||| READING 3 scrolls of identify.
  4888 | D:6      | 4888 ||| IDENTIFYING sedimented brown potion
  4911 | D:7      | 4911 ||| STAIRDANCE
  4981 | D:7      | Noticed Joseph
  4993 | D:7      | 4993 ||| INVOKING Heroism.
  5007 | D:7      | Killed Joseph
  5007 | D:7      | Reached ** piety under Okawaru
  5008 | D:7      | Reached skill level 10 in Ranged Weapons
  5443 | D:7      | 5443 ||| UPGRADING to amulet of the acrobat.
  5448 | D:7      | 5448 ||| READING 2 scrolls labelled JAMMIA AGINURR.
  5451 | D:7      | 5451 ||| READING 3 scrolls of identify.
  5451 | D:7      | 5451 ||| IDENTIFYING bubbling silvery potion
  5452 | D:7      | 5452 ||| READING 2 scrolls of identify.
  5452 | D:7      | 5452 ||| IDENTIFYING orange potion
  5453 | D:7      | 5453 ||| DROPPING potion of brilliance.
  5472 | D:8      | 5472 ||| STAIRDANCE
  5475 | D:7      | 5475 ||| INVOKING Heroism.
  5563 | D:8      | 5563 ||| STAIRDANCE
  5566 | D:7      | 5566 ||| INVOKING Heroism.
  5673 | D:8      | 5673 ||| STAIRDANCE
  5695 | D:8      | 5695 ||| STAIRDANCE
  5758 | D:8      | 5758 ||| INVOKING Heroism.
  5891 | D:8      | Reached XP level 10. HP: 61/63 MP: 13/13
  5922 | D:8      | Found a transporter.
  5934 | D:8      | Noticed qw's ghost (novice MiHs)
  5945 | D:8      | 5945 ||| READING scroll of enchant armour.
  5945 | D:8      | 5945 ||| ENCHANTING +0 pair of gloves.
  5969 | D:8      | Found a transporter.
  6092 | D:8      | 6092 ||| INVOKING Heroism.
  6098 | D:8      | Reached skill level 11 in Ranged Weapons
  6143 | D:8      | 6143 ||| INVOKING Heroism.
  6149 | D:8      | Reached skill level 3 in Dodging
  6175 | D:8      | Found Byupn's Book Shoppe.
  6176 | D:8      | Found Xotau's Antique Weapon Shoppe.
  6178 | D:8      | Found Zekhlex's Antique Weapon Shoppe.
  6184 | D:8      | Found Neucour's Antique Armour Shoppe.
  6186 | D:8      | 6186 ||| BUYING longbow (188 gold).
  6186 | D:8      | Bought a longbow for 188 gold pieces
  6186 | D:8      | 6186 ||| SWAPPING to +0 longbow.
  6187 | D:8      | 6187 ||| DROPPING +5 sling of draining.
  6204 | D:8      | Identified the +5 hand axe "Jellybane" {pain, rF+ Str+4
                  | Int+3}
  6295 | D:8      | Noticed a moth of wrath
  6308 | D:8      | 6308 ||| UPGRADING to +2 pair of boots.
  6318 | D:8      | 6318 ||| DROPPING +0 pair of boots.
  6319 | D:8      | 6319 ||| UPGRADING to amulet of reflection.
  6329 | D:8      | 6329 ||| DROPPING amulet of the acrobat.
  6414 | D:9      | Found Xokou's Book Shop.
  6493 | D:9      | 6493 ||| INVOKING Heroism.
  6522 | D:9      | 6522 ||| INVOKING Heroism.
  6666 | D:9      | 6666 ||| INVOKING Heroism.
  6791 | D:9      | 6791 ||| Stepping ~*~*~tactically~*~*~ (outnumbered).
  6792 | D:9      | 6792 ||| Stepping ~*~*~tactically~*~*~ (outnumbered).
  6830 | D:9      | Reached *** piety under Okawaru
  6838 | D:9      | 6838 ||| Stepping ~*~*~tactically~*~*~ (outnumbered).
  6840 | D:9      | 6840 ||| Stepping ~*~*~tactically~*~*~ (outnumbered).
  6842 | D:9      | 6842 ||| Stepping ~*~*~tactically~*~*~ (outnumbered).
  6867 | D:9      | 6867 ||| Stepping ~*~*~tactically~*~*~ (outnumbered).
  6871 | D:9      | 6871 ||| INVOKING Heroism.
  6877 | D:9      | HP: 16/64 [orc priest/+0 mace (5)]
  6878 | D:9      | 6878 ||| READING scroll of teleportation.
  6878 | D:9      | HP: 6/64 [orc priest/divine providence (10)]
  6880 | D:9      | Killed from afar by an orc priest

Levels and vault maps discovered:
D:1:      dpeg_arrival_round_b, layout_basic, hangedman_decor_points
D:2:      layout_loops_ring, ebering_ecumenical_altar_box, uniq_jessica
D:3:      layout_rooms, serial_shops, shop, nicolae_underground_beach
D:4:      layout_basic, nicolae_shop_vocational
D:5:      layout_loops_ring, temple_green
D:6:      due_chaos_kobolds, layout_rooms, lemuel_coloured_pillars_altar
D:7:      layout_rooms, uniq_joseph
D:8:      layout_cave_pools, gammafunk_ghost_berserking_beasts,
          minmay_shop_grid_forest
D:9:      layout_roguey, serial_co_window_serial, co_window_paths_a,
          co_window_corner_a, co_window_of_opportunity_a, co_window_paths_b,
          co_window_of_opportunity_a, co_window_paths_c,
          co_window_unsneaky_path_c, co_window_cross_4, glass_columns_c,
          kennysheep_windowed_goal
Temple:   regret_index_temple_sigil_plot

Skill      XL: |  1  2  3  4  5  6  7  8  9 10 |
---------------+-------------------------------+-----
Ranged Weapons | 3 4 5 6 7 9 10 11 | 11.8
Fighting       | 2 3 4 5 7 8 |  8.1
Armour         | 2 3 4 |  4.2
Dodging        | 2 3 |  3.0
Invocations    | 2 4 |  4.0
Spellcasting   | |  1.0
Hexes          | |  2.6

Action                     |  1- 3 |  4- 6 |  7- 9 | 10-12 || total
---------------------------+-------+-------+-------+-------++-------
   Fire: Sling             |    83 |   142 |   335 |    66 ||   626
         Longbow           |       |       |       |   111 ||   111
 Invoke: Heroism           |       |       |     5 |     6 ||    11
    Use: Scroll            |     5 |     9 |     8 |     2 ||    24
         Potion            |       |     1 |     4 |       ||     5
 Armour: Robe              |     9 |     1 |       |       ||    10
         Leather armour    |       |    15 |    30 |       ||    45
         Ring mail         |       |       |    69 |    50 ||   119
  Dodge: Dodged            |    23 |    67 |   210 |   160 ||   460
  Block: Other             |       |       |       |    24 ||    24
         Reflection        |       |       |       |     1 ||     1

Table legend:
 A = Non-vault XP
 B = Vault XP
 C = Vault XP percentage of total XP
 D = Non-vault monster count
 E = Vault monster count
 F = Vault count percentage of total count
                 A         B        C        D         E       F
            +---------+---------+-------+---------+---------+-------
      Total |    6292 |     748 |  10.6 |     204 |       5 |   2.4
            +---------+---------+-------+---------+---------+-------
        D:1 |      45 |       0 |   0.0 |      27 |       0 |   0.0
        D:2 |     113 |      37 |  24.7 |      26 |       1 |   3.7
        D:3 |      73 |       0 |   0.0 |      15 |       0 |   0.0
        D:4 |     589 |       0 |   0.0 |      11 |       0 |   0.0
        D:5 |    1198 |       0 |   0.0 |      20 |       0 |   0.0
        D:6 |     824 |       0 |   0.0 |      12 |       0 |   0.0
        D:7 |    1134 |     450 |  28.4 |      32 |       1 |   3.0
        D:8 |     600 |       0 |   0.0 |      34 |       0 |   0.0
        D:9 |    1716 |     261 |  13.2 |      27 |       3 |  10.0
            +---------+---------+-------+---------+---------+-------
